 Dungeon Crawl Stone Soup version 0.19.1-1-g22dce08 (webtiles) character file.

102 Colliwobble the Poker (level 4, -5/39 HPs)
             Began as a Minotaur Fighter on Jan 2, 2017.
             Slain by Fallorn's ghost (7 damage)
             ... on level 3 of the Dungeon.
             The game lasted 00:03:22 (1860 turns).

Colliwobble the Poker (Minotaur Fighter)            Turns: 1860, Time: 00:03:22

Health: -5/39      AC:  6    Str: 22    XL:     4   Next: 49%
Magic:  3/3        EV:  7    Int:  5    God:    Xom [*.....]
Gold:   58         SH:  8    Dex:  9    Spells: 0 memorised, 3 levels left

rFire  . . .     SeeInvis .     a - +0 trident
rCold  . . .     Gourm    .     b - +0 scale mail
rNeg   . . .     Faith    .     c - +0 shield (curse)
rPois  .         Spirit   .     (helmet restricted)
rElec  .         Reflect  .     (no cloak)
rCorr  .         Harm     .     (no gloves)
MR     .....                    (no boots)
Stlth  ..........               (no amulet)
                                (no ring)
                                (no ring)

@: very slightly contaminated, hasted (expiring), drained, very quick
A: retaliatory headbutt, horns 2
a: Renounce Religion


You were on level 3 of the Dungeon.
You worshipped Xom.
You were a special plaything of Xom.
You were hungry.

You visited 1 branch of the dungeon, and saw 3 of its levels.

You collected 58 gold pieces.

Inventory:

Hand Weapons
 a - a +0 trident (weapon)
Armour
 b - a +0 scale mail (worn)
 c - a cursed +0 shield (worn)
Scrolls
 e - 3 scrolls of identify {unknown}
 k - 2 scrolls of recharging {unknown}
 l - a scroll of fog {unknown}
 m - 2 scrolls of immolation {unknown}
 n - a scroll of noise {unknown}
 p - a scroll of enchant armour {unknown}
 r - a scroll of enchant weapon {unknown}
Potions
 d - a potion of might
 i - 2 potions of agility {unknown}
 j - 2 potions of haste {unknown}
 o - 3 potions of cancellation {unknown}
 q - a potion of curing {unknown}
Comestibles
 f - 4 bread rations
 g - 6 chunks of flesh
 h - a beef jerky


   Skills:
 - Level 3.6(2.5) Fighting
 + Level 5.8(4.6) Polearms
 - Level 3.6(2.5) Armour
 - Level 3.6(2.5) Shields


You had 3 spell levels left.
You didn't know any spells.

Dungeon Overview and Level Annotations

Branches:
Dungeon (3/15)

Altars:
Dithmenos
Gozag
Nemelex Xobeh
Xom

Annotations:
D:3 Fallorn's ghost, amateur MiMo


Innate Abilities, Weirdness & Mutations

You reflexively headbutt those who attack you in melee.
You have a pair of horns on your head.


Message History

* * * LOW HITPOINT WARNING * * *
You barely miss Fallorn's ghost.
Fallorn's ghost is severely damaged.
You closely miss Fallorn's ghost.
Fallorn's ghost is severely damaged.
Fallorn's ghost shrieks, "You must not succeed where I failed!"
Fallorn's ghost barely misses you.
You barely miss Fallorn's ghost.
Fallorn's ghost is severely damaged.
Your extra speed is starting to run out.
You block Fallorn's ghost's attack.
You hit Fallorn's ghost. Your headbutt misses Fallorn's ghost.
Fallorn's ghost is almost destroyed.
You miss Fallorn's ghost. Your headbutt misses Fallorn's ghost.
Fallorn's ghost is almost destroyed.
You block Fallorn's ghost's attack.
You closely miss Fallorn's ghost. Your headbutt misses Fallorn's ghost.
Fallorn's ghost is almost destroyed.
Fallorn's ghost hits you!
You die...

#### ....# ...#
#.# ....# ##.#
..#.# .....# #.#
..#.###.....# #.#
..#.#.'.....# #.#
#.#.#.# #.#
#.#.#g# #.#
#.#.#W# #.#
#.#.#@#
#.#########.....#
#.##.)........###
#.##.##########
#.##.# #....#
######


You could see Fallorn's ghost and a hobgoblin.

Vanquished Creatures
  4 adders (D:2)
  An ooze (D:1)
  2 worms (D:2)
  3 dart slugs
  4 leopard geckos
  7 goblins
  9 hobgoblins
  2 kobolds (D:1)
  A ball python (D:1)
  9 bats
  5 frilled lizards
  2 rats
49 creatures vanquished.

Notes
Turn   | Place    | Note
-------+----------+-------------------------------------------
     0 | D:1      | Colliwobble the Minotaur Fighter began the quest for the Orb.
     0 | D:1      | Reached XP level 1. HP: 19/19 MP: 0/0
    82 | D:1      | Reached skill level 3 in Polearms
   231 | D:1      | Reached XP level 2. HP: 19/26 MP: 1/1
   727 | D:1      | Reached skill level 4 in Polearms
   977 | D:2      | Reached XP level 3. HP: 31/31 MP: 2/2
  1077 | D:2      | Reached skill level 5 in Polearms
  1111 | D:2      | Reached XP level 4. HP: 39/39 MP: 3/3
  1146 | D:2      | Found a shadowy altar of Dithmenos.
  1220 | D:2      | Found a faded altar of an unknown god.
  1301 | D:2      | Became a worshipper of Xom of Chaos
  1370 | D:2      | XOM: divination: detect items
  1448 | D:2      | XOM: butterfly on damage
  1472 | D:2      | XOM: silly message
  1496 | D:2      | XOM: divination: magic mapping
  1535 | D:2      | XOM: silly message
  1705 | D:2      | Found an opulent altar of Gozag.
  1706 | D:2      | Found a sparkling altar of Nemelex Xobeh.
  1807 | D:3      | Noticed Fallorn's ghost (amateur MiMo)
  1812 | D:3      | XOM: potion effect (haste)
  1841 | D:3      | XOM: medium Chrm miscast
  1842 | D:3      | XOM: draining
  1860 | D:3      | Slain by Fallorn's ghost

Skill      XL: |  1  2  3 |
---------------+----------+-----
Polearms       | 3 4 5 |  5.8
Fighting       | |  3.6
Armour         | |  3.6
Shields        | |  3.6

Action                   |  1- 3 |  4- 6 || total
-------------------------+-------+-------++-------
Melee: Trident           |   101 |    96 ||   197
       Headbutt          |    12 |     2 ||    14
  Eat: Chunk             |     1 |     2 ||     3
Armor: Scale mail        |    37 |    33 ||    70
Dodge: Dodged            |    21 |    27 ||    48
Block: Shield            |    36 |    35 ||    71
